 Dungeon Crawl Stone Soup version 0.28-a0-1206-g193881aaa2 (webtiles) character file.

Game seed: 17786884162728775778

446 enile the Skirmisher (level 6, 0/76 HPs)
             Began as a Demonspawn Gladiator on Dec 21, 2021.
             Was a Priest of Lugonu.
             Slain by a gnoll (3 damage)
             ... on level 4 of the Dungeon.
             The game lasted 00:07:35 (4263 turns).

enile the Skirmisher (Demonspawn Gladiator)         Turns: 4263, Time: 00:07:35

Health: 0/76       AC: 23    Str: 13 (16) XL:     6   Next: 73%
Magic:  8/9        EV:  2    Int:  9 (10) God:    Lugonu [***...]
Gold:   255        SH:  0    Dex: 12 (14) Spells: 5/5 levels left

rFire   . . .      SeeInvis .   d - +0 dagger (elec)
rCold   . . .      Faith    .   (no shield)
rNeg    . . .      Spirit   .   (armour currently unavailable)
rPois   +          Reflect  .   (helmet currently unavailable)
rElec   .          Harm     .   (cloak currently unavailable)
rCorr   .          Rampage  .   (gloves currently unavailable)
Will    .....      NoTele   +   (boots currently unavailable)
Stlth   +.........              (no amulet)
HPRegen 0.22/turn               e - ring of wizardry
MPRegen 0.11/turn               n - ring of poison resistance

@: tree-form, attractive, hasted, very quick
A: stationary, stasis, torment immunity, boosted hp, (hooves 1)
a: Renounce Religion, Depart the Abyss, Bend Space, Banish


You were on level 4 of the Dungeon.
You worshipped Lugonu.
Lugonu was most pleased with you.
You were a tree.
You visited 1 branch of the dungeon, and saw 5 of its levels.

You collected 255 gold pieces.

Inventory:

Hand Weapons
 a - a +0 quarterstaff
 d - a +0 dagger of electrocution (weapon)
 y - a +0 giant club
Missiles
 t - 20 poisoned darts
 A - 2 boomerangs (quivered)
 B - 4 large rocks
Armour
 b - a +0 leather armour
 c - a +0 helmet (melded)
 v - a +0 ring mail (melded)
Jewellery
 e - a ring of wizardry (left branch)
 j - a ring of wizardry
 n - a ring of poison resistance (right branch)
Scrolls
 h - 2 scrolls of enchant weapon {unknown}
 k - a scroll of vulnerability {unknown}
 m - 6 scrolls of identify {unknown}
 o - 2 scrolls of teleportation {unknown}
 q - 2 scrolls of fear {unknown}
 r - a scroll of blinking {unknown}
 s - a scroll of enchant armour {unknown}
Potions
 f - 2 potions of flight
 l - 3 potions of degeneration
 u - 2 potions of lignification
 w - a potion of brilliance {unknown}
 x - a potion of might {unknown}
 z - a potion of magic {unknown}


   Skills:
 - Level 5.0 Fighting
 - Level 2.0 Short Blades
 - Level 2.6 Staves
 - Level 2.0 Throwing
 + Level 2.6 Armour
 - Level 2.6 Dodging
 - Level 4.0 Invocations


You had 5 spell levels left.
You didn't know any spells.
Your spell library was empty.

Dungeon Overview and Level Annotations

Branches:
Dungeon (5/15)             Temple (0/1) D:5

Altars:
Lugonu

Shops:
D:1 =   D:3 :


Innate Abilities, Weirdness & Mutations

You are a tree.
Your roots penetrate the ground, keeping you stationary.
You cannot be teleported.
You are immune to unholy pain and torment.
Your maximum health is greatly increased.
Your equipment is partially melded.
((You have large cloven feet.))


Message History

The orc shouts!
The orc wizard shouts!
The gnoll hits you from afar with a +0 halberd.
The gnoll closely misses you.
The gnoll is no longer moving quickly.
The orc wizard mumbles some strange words.
The orc wizard flickers and vanishes!
Deactivating autopickup; reactivate with Ctrl-A.
The gnoll hits you but does no damage. The gnoll barely misses you.
There is a broken door here.
Space bends around you!
You blink.
An orc priest comes into view. It is wielding a +0 trident.
The orc priest shouts!
You hear a shout!
The gnoll hits you with a +0 whip. The gnoll closely misses you.
The gnoll hits you with a +0 halberd.
* * * LOW HITPOINT WARNING * * *
The orc closely misses you. Space bends around you!
You blink.
The gnoll closely misses you. The gnoll misses you.
The gnoll is no longer moving quickly.
Okay, then.
It was a potion of flight.
You feel very buoyant.
You fly up into the air.
The gnoll hits you with a +0 whip!
* * * LOW HITPOINT WARNING * * *
It was a potion of degeneration.
There was something very wrong with that liquid.
You feel weakened.
You feel dopey.
You feel clumsy. The gnoll hits you with a +0 whip.
* * * LOW HITPOINT WARNING * * *
It was a potion of lignification.
You turn into a tree.
Your +0 helmet melds into your body.
Your +0 ring mail melds into your body.
Your roots penetrate the ground.
The gnoll hits you but does no damage.
It was a potion of haste.
You feel yourself speed up. The gnoll hits you but does no damage.
It was a potion of attraction.
You feel attractive to monsters. The gnoll hits you with a +0 whip.
You die...

#.# #.........# #.# #.#
#.........# #.#
#####.####.........# #.#
...........>.......# #.#
#####.####.........####.#
#####.####...........##.#
...........##....###.##.#
.....................##.#
........g.g##.##♣#.#.##.#
....#g#######.##g#.#.##.#
....#.##### #.##g#.#.##.#
....#.#.... #.##g#.#....#
....#.#.##.##.##g#.#.####
....#'#.##.....oo#.#.#
........##..#.####.#.#
........##..g........#
........###o#(####.#.#


You could see 4 gnolls and 2 orcs.

Vanquished Creatures
  A black bear (D:5)
  An ogre (D:5)
  A scorpion (D:3)
  A howler monkey (D:5)
  A bullfrog zombie (D:5)
  An orc wizard (D:4)
  3 adders
  An ufetubus (D:5)
  2 worms
  7 dart slugs
  An orc (D:5)
  6 ball pythons
  2 bats (D:1)
  6 endoplasms
  4 giant cockroaches
  9 goblins
  5 hobgoblins
  5 quokkas
  2 frilled lizards
  7 kobolds
  7 rats
73 creatures vanquished.

Vanquished Creatures (others)
  7 withered plants (D:4)
7 creatures vanquished.

Grand Total: 80 creatures vanquished

Notes
Turn   | Place    | Note
-------+----------+-------------------------------------------
     0 | D:1      | enile the Demonspawn Gladiator began the quest for the Orb.
     0 | D:1      | Reached XP level 1. HP: 16/16 MP: 1/1
   423 | D:1      | Found a faded altar of an unknown god.
   442 | D:1      | Prayed at the altar of an unknown god.
   442 | D:1      | Became a worshipper of Lugonu the Unformed
   442 | D:1      | Reached * piety under Lugonu
   442 | D:1      | Reached ** piety under Lugonu
   471 | D:1      | Gained mutation: You have large cloven feet. [demonic
                  | ancestry]
   471 | D:1      | Reached XP level 2. HP: 15/23 MP: 2/2
   689 | D:1      | Reached skill level 3 in Fighting
  1043 | D:1      | Found Mettox's Jewellery Shop.
  1048 | D:1      | Reached skill level 1 in Invocations
  1339 | D:1      | Reached XP level 3. HP: 18/29 MP: 4/4
  1992 | D:2      | Reached *** piety under Lugonu
  2124 | D:2      | Reached XP level 4. HP: 22/35 MP: 6/6
  2989 | D:3      | Found Adedor's Book Boutique.
  3000 | D:3      | Noticed a scorpion
  3005 | D:3      | Killed a scorpion
  3006 | D:3      | Reached skill level 4 in Fighting
  3006 | D:3      | Reached XP level 5. HP: 42/42 MP: 8/8
  3227 | D:4      | Reached skill level 1 in Short Blades
  3280 | D:4      | Reached skill level 1 in Armour
  3293 | D:5      | Entered Level 5 of the Dungeon
  3490 | D:5      | Found a staircase to the Ecumenical Temple.
  3870 | D:5      | Noticed an ogre
  3873 | D:5      | Killed an ogre
  3874 | D:5      | Reached XP level 6. HP: 50/50 MP: 9/9
  3910 | D:5      | Reached skill level 5 in Fighting
  4260 | D:4      | HP: 1/51 [gnoll (2)]
  4263 | D:4      | Slain by a gnoll

Illustrated notes

Levels and vault maps discovered:
D:1:      minmay_arrival_five_plusses, layout_basic, serial_shops,
          nicolae_shop_advertising_works [nicolae_subvault_shop_adworks],
          shapermc_ecumenical_altar_mp_vishouse, minmay_cut_off
D:2:      layout_basic, minmay_between
D:3:      layout_rooms, serial_shops, shop_fountains
D:4:      layout_basic, grunt_temple_overflow_growth_and_decay,
          minmay_overflow_temple_star_hex, chequers_serial_rivers_small_3,
          lightli_corner_chamber
D:5:      kb_forest_paths, layout_basic, nemelex_dance_club_becter,
          temple_pool_b, uniq_eustachio

Skill      XL: |  1  2  3  4  5  6 |
---------------+-------------------+-----
Fighting       | 3 4 5 |  5.0
Throwing       | 2 |  2.0
Invocations    | 1 3 4 |  4.0
Short Blades   | 1 2 |  2.0
Armour         | 2 |  2.6
Staves         | |  2.6
Dodging        | |  2.6

Action                   |  1- 3 |  4- 6 || total
-------------------------+-------+-------++-------
Melee: Quarterstaff      |   104 |    30 ||   134
       Kick              |    12 |    41 ||    53
       Dagger            |       |    99 ||    99
Throw: Throwing net      |     3 |     5 ||     8
Invok: Bend Space        |       |     3 ||     3
  Use: Potion            |       |     6 ||     6
 Stab: Sleeping          |     1 |       ||     1
       Held in net/web   |       |     1 ||     1
Armor: Leather armour    |    35 |     8 ||    43
       Ring mail         |       |    30 ||    30
       Skin              |       |     2 ||     2
Dodge: Dodged            |    62 |    70 ||   132

Table legend: (Time is in decaauts)
 A = Elapsed time spent in this place.
 B = Non-inter-level travel time spent in this place.
 C = Inter-level travel time spent in this place.
 D = Time resting spent in this place.
 E = Time spent auto-exploring this place.
 F = Levels seen in this place.
 G = Mean time per level.
                   A        B        C        D        E       F      G
               +--------+--------+--------+--------+--------+-----+--------+
         Total |   4280 |   4175 |    105 |    220 |   3275 |   5 |  856.0 |
       Dungeon |   4280 |   4175 |    105 |    220 |   3275 |   5 |  856.0 |
               +--------+--------+--------+--------+--------+-----+--------+

Top non-repeatable levels by time:
     D:1: 1575 daAuts
     D:2: 991 daAuts
     D:5: 788 daAuts
     D:3: 511 daAuts
     D:4: 413 daAuts
